 Dungeon Sprint DCSS version 0.19.1-1-g22dce08 (webtiles) character file.

112 dvd the Skirmisher (level 4, -6/48 HPs)
             Began as a Minotaur Berserker on Jan 2, 2017.
             Was a Priest of Trog.
             Killed from afar by a deep elf mage (27 damage)
             ... with a bolt of lightning
             ... in the Dungeon (Sprint III: "The Ten Rune Challenge").
             The game lasted 00:01:49 (609 turns).

dvd the Skirmisher (Minotaur Berserker)              Turns: 609, Time: 00:01:51

Health: -6/48      AC:  2    Str: 21    XL:     4   Next: 63%
Magic:  3/3        EV: 13    Int:  4    God:    Trog [***...]
Gold:   22         SH:  0    Dex: 11    Spells: 0 memorised, 3 levels left

rFire  . . .     SeeInvis .     a - +0 mace
rCold  . . .     Gourm    .     b - +0 animal skin
rNeg   . . .     Faith    .     (no shield)
rPois  .         Spirit   .     (helmet restricted)
rElec  .         Reflect  .     (no cloak)
rCorr  .         Harm     .     (no gloves)
MR     ++...     NoTele   +     (no boots)
Stlth  +.........               (no amulet)
                                (no ring)
                                (no ring)

@: exhausted, regenerating, slowed, very slow
A: retaliatory headbutt, horns 2
a: Berserk, Trog's Hand, Burn Spellbooks, Renounce Religion


You were in the Dungeon.
You worshipped Trog.
Trog was most pleased with you.
You were hungry.

You visited 1 branch You collected 22 gold pieces.

Inventory:

Hand Weapons
 a - a +0 mace (weapon)
Armour
 b - a +0 animal skin (worn)
Scrolls
 i - a scroll of blinking
 j - a scroll of enchant armour {unknown}
 m - a scroll of holy word {unknown}
 n - 3 scrolls of identify
 o - a scroll of remove curse {unknown}
 s - a scroll of torment {unknown}
 t - a scroll of amnesia {unknown}
Potions
 d - a potion of curing
 e - a potion of heal wounds
 f - a potion of haste
 g - 2 potions of magic
 q - a potion of cure mutation
 r - a potion of flight
Comestibles
 c - 2 bread rations
 p - a royal jelly


   Skills:
 + Level 7.8 Fighting
 + Level 7.8 Maces & Flails
 + Level 4.0 Armour
 + Level 4.1 Dodging
 + Level 0.1 Stealth


You had 3 spell levels left.
You didn't know any spells.

Dungeon Overview and Level Annotations

Branches:
Dungeon (1/1)

Altars:
Elyvilon
Zin
The Shining One


Innate Abilities, Weirdness & Mutations

You reflexively headbutt those who attack you in melee.
You have a pair of horns on your head.


Message History

You close the door.
A deep elf mage opens the door.
The deep elf mage gestures at you while chanting.
The bolt of lightning misses you.
The deep elf mage hits you with a long sword of holy wrath.
There is an open door here.
You hit the deep elf mage.
The deep elf mage is moderately wounded.
The deep elf mage points at you and mumbles some strange words.
The bolt of lightning misses you. The bolt of lightning hits you!
The deep elf mage hits you with a long sword of holy wrath.
You closely miss the deep elf mage.
The deep elf mage is moderately wounded.
The deep elf mage hits you with a long sword of holy wrath.
Your skin crawls.
You feel resistant to hostile enchantments.
You feel quite a bit more hungry. The deep elf mage casts a spell at you.
The bolt of lightning hits you!
Ouch! That really hurt!
You die...

▓▓▓▓ ▓▓▓ ...####
##.#####
......#####..#___#
.....[.#..#..#...#
#.##...#..#..###@#+###+#
#.###..##'#..#..e.......
##.##..###...'.⌠........
..##..####...#...######+
..##..###....#.⌠.#
.##...##.....#...#
##....#......#+###
##..##.#.....#
#..#####....#


You could see a deep elf mage.

Vanquished Creatures
  A water elemental (D)
  Jessica (D)
  A human (D)
  2 oozes (D)
  A phantom (D)
  A rat (D)
7 creatures vanquished.

Vanquished Creatures (others)
  2 draconian scorchers (D)
  6 hellions (D)
  2 yaktaurs (D)
10 creatures vanquished.

Grand Total: 17 creatures vanquished

Notes
Turn   | Place    | Note
-------+----------+-------------------------------------------
     0 | D        | dvd the Minotaur Berserker began the quest for the Orb.
     0 | D        | Reached XP level 1. HP: 19/19 MP: 0/0
    11 | D        | Reached skill level 5 in Fighting
    11 | D        | Reached XP level 2. HP: 27/29 MP: 1/1
    37 | D        | Noticed Jessica
    51 | D        | Killed a yaktaur
    55 | D        | Killed Jessica
    55 | D        | Reached ** piety under Trog
    55 | D        | Reached skill level 5 in Maces & Flails
    55 | D        | Reached XP level 3. HP: 12/37 MP: 2/2
    92 | D        | Killed a hellion
   102 | D        | Killed a hellion
   104 | D        | Killed a hellion
   105 | D        | Killed a hellion
   189 | D        | Killed a white draconian scorcher
   191 | D        | Killed a white draconian scorcher
   199 | D        | Killed a hellion
   260 | D        | Killed a hellion
   289 | D        | Reached *** piety under Trog
   356 | D        | Gained mutation: Your body sometimes deteriorates upon taking damage. [potion of mutation]
   356 | D        | Gained mutation: Scrolls take you a little longer to read. [potion of mutation]
   356 | D        | Lost mutation: Scrolls take you a little longer to read. [potion of mutation]
   357 | D        | Gained mutation: You have large cloven feet. [potion of mutation]
   357 | D        | Gained mutation: You are partially covered in icy blue scales. (AC +2) [potion of mutation]
   358 | D        | Lost mutation: You are partially covered in icy blue scales. (AC +2) [potion of cure mutation]
   358 | D        | Lost mutation: Your body sometimes deteriorates upon taking damage. [potion of cure mutation]
   358 | D        | Lost mutation: You have large cloven feet. [potion of cure mutation]
   374 | D        | Noticed a water elemental
   378 | D        | Killed a water elemental
   378 | D        | Reached XP level 4. HP: 21/48 MP: 3/3
   575 | D        | Killed a yaktaur
   586 | D        | Found a glowing silver altar of Zin.
   586 | D        | Found a glowing golden altar of the Shining One.
   586 | D        | Found a white marble altar of Elyvilon.
   588 | D        | Noticed a deep elf mage
   609 | D        | Killed from afar by a deep elf mage

Skill      XL: |  1  2  3 |
---------------+----------+-----
Fighting       | 5 6 7 |  7.8
Maces & Flails | 4 5 7 |  7.8
Dodging        | 3 4 |  4.1
Armour         | 4 |  4.0
Stealth        | |  0.1

Action                   |  1- 3 |  4- 6 || total
-------------------------+-------+-------++-------
Melee: Mace              |    24 |     3 ||    27
       Headbutt          |     4 |       ||     4
Invok: Berserk           |     1 |     1 ||     2
       Trog's Hand       |       |     1 ||     1
  Use: Potion            |     5 |       ||     5
 Stab: Sleeping          |     1 |       ||     1
Dodge: Dodged            |     9 |     2 ||    11
